 Dungeon Crawl Stone Soup version 0.29.0-4-gdea44cf6ec (webtiles) character file.

Game seed: 5647574641757000709

788 qw the Chopper (level 7, -2/41 HPs)
             Began as a Tengu Warper on Aug 28, 2022.
             Succumbed to an orc's poison
             ... on level 5 of the Dungeon.
             The game lasted 00:00:18 (4052 turns).

qw the Chopper (Tengu Warper)                       Turns: 4052, Time: 00:00:19

Health: -2/41      AC:  9    Str: 13    XL:     7   Next: 87%
Magic:  11/11      EV:  7    Int: 13    God:
Gold:   270        SH: 13    Dex: 14    Spells: 10/10 levels left

rFire   . . .      SeeInvis .   Y - +0 hand axe (chaos)
rCold   + . .      Faith    .   q - +0 tower shield
rNeg    + . .      Spirit   .   l - +0 scale mail
rPois   .          Reflect  .   f - +1 hat of Dogethry {rN+ Slay+2}
rElec   .          Harm     .   (no cloak)
rCorr   +          Rampage  .   c - +1 pair of gloves
Will    .....                   (boots unavailable)
Stlth   ..........              (no amulet)
HPRegen 0.13/turn               m - ring of protection from cold
MPRegen 0.12/turn               j - ring of resist corrosion

@: lethally poisoned (-2 -> -23), flying quickly and evasively, quick
A: beak, talons 3, nimble flight
a: no special abilities


You were on level 5 of the Dungeon.
You visited 1 branch of the dungeon, and saw 5 of its levels.

You collected 270 gold pieces.


Innate Abilities, Weirdness & Mutations

You have a beak for a mouth.
You have claws for feet.
Your magical nature lets you fly swiftly and evasively.


   Skills:
 - Level 3.4 Fighting
 - Level 7.0 Axes
 - Level 1.0 Throwing
 - Level 1.1 Armour
 - Level 2.1 Dodging
 + Level 4.9 Shields
 - Level 2.0 Spellcasting
 - Level 2.4 Translocations


You had 10 spell levels left.
You didn't know any spells.
Your spell library contained the following spells:

 Spells                   Type           Power      Damage    Failure   Level
 Blink                    Tloc           14%        N/A       100%        2
 Gell's Gravitas          Tloc           7%         N/A       100%        3
 Lesser Beckoning         Tloc           7%         N/A       100%        3
 Teleport Other           Tloc           7%         N/A       100%        3
 Manifold Assault         Tloc           7%         N/A       100%        5

Inventory:

Hand Weapons
 b - a +0 morningstar
 Y - a +0 hand axe of chaos (weapon)
Armour
 c - a +1 pair of gloves (worn)
 f - the +1 hat of Dogethry (worn) {rN+ Slay+2}
   (You acquired it on level 3 of the Dungeon)

   Slay:      It affects your accuracy & damage with ranged weapons and melee
   (+2).
   rN:        It protects you from negative energy.
 l - a +0 scale mail (worn)
 q - a +0 tower shield (worn)
Jewellery
 j - a ring of resist corrosion (right hand)
 m - a ring of protection from cold (left hand)
Scrolls
 a - a scroll of identify
Potions
 e - a potion of mutation
 g - a potion of might
 k - a potion of brilliance {unknown}
 o - a potion of curing {unknown}
 p - a potion of degeneration {unknown}

Dungeon Overview and Level Annotations

Branches:
Dungeon (5/15)
 Temple: D:4-7

Altars:


Message History

You are more poisoned.
You hit the orc but do no damage.
The orc is severely wounded.
You feel very sick. You block the orc's attack.
The orc hits you with a +0 trident of venom.
You are more poisoned.
You barely miss the orc.
The orc is severely wounded.
You feel very sick. The orc hits you but does no damage.
You are more poisoned.
You barely miss the orc. Your peck misses the orc.
The orc is severely wounded.
You feel very sick. You block the orc's attack.
You closely miss the orc.
The orc is heavily wounded.
You feel very sick. You block the orc's attack.
The orc hits you with a +0 trident of venom.
You are lethally poisoned!
You barely miss the orc. Your kick misses the orc.
The orc is heavily wounded.
You feel very sick. The orc hits you but does no damage.
You are more poisoned.
You barely miss the orc. You claw the orc, but do no damage.
The orc is heavily wounded.
You feel very sick. You block the orc's attack.
You closely miss the orc.
The orc is heavily wounded.
You feel very sick. The orc hits you but does no damage.
You are more poisoned.
The orc barely misses you.
You hit the orc.
The orc is almost dead.
You die...

##. .. .## . ##..
. .. . ..#... .#
.. #.. ......#
.##.##..#
#.....##..#.#..#
#...#..##.....#
#.......#.....#..
#....o@.........#
###..##....######
#... ##<...# ...#
#...## .. .#### .
.# .. #. #.


You could see an orc.

Vanquished Creatures
  Sigmund (D:3)
  Menkaure (D:4)
  An ice beast (D:5)
  An ogre (D:4)
  4 hounds (D:4)
  An orc priest (D:4)
  2 iguanas (D:4)
  3 gnolls (D:3)
  3 adders
  4 worms
  A dart slug (D:3)
  2 orcs
  2 bats (D:2)
  6 endoplasms
  3 giant cockroaches
  2 goblins
  4 hobgoblins
  3 jackals (D:3)
  3 kobolds
  A quokka (D:3)
  5 ball pythons
  2 frilled lizards (D:3)
  3 rats
58 creatures vanquished.

Notes
Turn   | Place    | Note
-------+----------+-------------------------------------------
     0 | D:1      | qw the Tengu Warper began the quest for the Orb.
     0 | D:1      | Reached XP level 1. HP: 12/12 MP: 4/4
     0 | D:1      | 0 ||| qw: Version: 0.1-a-89-g26bdef1
     0 | D:1      | 0 ||| qw: Game counter: 1823
     0 | D:1      | 0 ||| qw: Always use a shield: true
     0 | D:1      | 0 ||| qw: God list: Okawaru
     0 | D:1      | 0 ||| qw: Allow faded altars: false
     0 | D:1      | 0 ||| qw: Do Orc after D:15 true
     0 | D:1      | 0 ||| qw: Do second Lair branch before Depths: true
     0 | D:1      | 0 ||| qw: Lair rune preference: random
     0 | D:1      | 0 ||| qw: Plans: Normal
     0 | D:1      | 0 ||| PLANNING D:1-11
    85 | D:1      | Found a faded altar of an unknown god.
   851 | D:1      | 851 ||| DROPPING amulet of faith.
   852 | D:1      | 852 ||| UPGRADING to ring of protection from cold.
   853 | D:1      | 853 ||| READING scroll labelled HOTATU IXTUR.
   954 | D:1      | 954 ||| READING scroll labelled RYILOITOSO.
   955 | D:1      | 955 ||| READING scroll labelled PYMULY DAORPH.
   956 | D:1      | 956 ||| DROPPING scroll of blinking.
  1074 | D:2      | Reached XP level 2. HP: 17/17 MP: 6/6
  1105 | D:2      | Reached skill level 3 in Axes
  1174 | D:2      | 1174 ||| Stepping ~*~*~tactically~*~*~ (stealth).
  1176 | D:2      | 1176 ||| Stepping ~*~*~tactically~*~*~ (stealth).
  1183 | D:2      | Reached XP level 3. HP: 9/21 MP: 7/7
  1391 | D:2      | 1391 ||| Stepping ~*~*~tactically~*~*~ (stealth).
  1766 | D:2      | Reached skill level 4 in Axes
  1859 | D:2      | 1859 ||| UPGRADING to +0 scale mail.
  1869 | D:2      | 1869 ||| DROPPING +0 leather armour.
  1870 | D:2      | 1870 ||| READING 2 scrolls labelled MOF PULOAN PAG.
  1871 | D:2      | 1871 ||| READING scroll labelled NOIFRIE JUETE.
  1872 | D:2      | 1872 ||| READING scroll labelled OGA BEPLIERE.
  1873 | D:2      | 1873 ||| READING scroll labelled QOOSOPTEZIC.
  1874 | D:2      | 1874 ||| READING scroll labelled WURCHE VOESEYV.
  1877 | D:2      | 1877 ||| READING scroll labelled WIPNUS LE IWNUNWE.
  1936 | D:3      | 1936 ||| Stepping ~*~*~tactically~*~*~ (stealth).
  1937 | D:3      | 1937 ||| Stepping ~*~*~tactically~*~*~ (stealth).
  2051 | D:3      | Noticed Sigmund
  2059 | D:3      | Killed Sigmund
  2060 | D:3      | Reached skill level 6 in Axes
  2060 | D:3      | Reached XP level 4. HP: 8/26 MP: 8/8
  2060 | D:3      | Gained mutation: Your magical nature lets you fly swiftly
                  | and evasively. [Tengu growth]
  2060 | D:3      | Reached XP level 5. HP: 9/30 MP: 9/9
  2060 | D:3      | HP: 5/30 [quokka (4)]
  2100 | D:3      | 2100 ||| Stepping ~*~*~tactically~*~*~ (stealth).
  2344 | D:3      | Reached XP level 6. HP: 34/35 MP: 10/10
  2425 | D:3      | 2425 ||| DROPPING +0 mace.
  2450 | D:3      | 2450 ||| Stepping ~*~*~tactically~*~*~ (hiding).
  2452 | D:3      | 2452 ||| Stepping ~*~*~tactically~*~*~ (hiding).
  2690 | D:3      | Reached skill level 7 in Axes
  2905 | D:3      | 2905 ||| UPGRADING to +0 kite shield.
  2910 | D:3      | 2910 ||| UPGRADING to +0 pair of gloves.
  2915 | D:3      | 2915 ||| READING scroll labelled MAQANYHOKE.
  2915 | D:3      | Identified a scroll of acquirement
  2915 | D:3      | 2915 ||| ACQUIRING +1 hat of Dogethry {rN+ Slay+2}
  2915 | D:3      | Acquired the +1 hat of Dogethry {rN+ Slay+2}
  2917 | D:3      | 2917 ||| UPGRADING to +1 hat of Dogethry {rN+ Slay+2}.
  2922 | D:3      | 2922 ||| READING 3 scrolls labelled QAUTTOR FOTOR.
  3048 | D:3      | 3048 ||| READING 3 scrolls of identify.
  3048 | D:3      | 3048 ||| IDENTIFYING yellow potion
  3049 | D:3      | 3049 ||| READING 2 scrolls of identify.
  3049 | D:3      | 3049 ||| IDENTIFYING amethyst potion
  3050 | D:3      | 3050 ||| DROPPING 2 scrolls of torment.
  3093 | D:4      | 3093 ||| Stepping ~*~*~tactically~*~*~ (stealth).
  3094 | D:4      | 3094 ||| Stepping ~*~*~tactically~*~*~ (stealth).
  3099 | D:4      | 3099 ||| Stepping ~*~*~tactically~*~*~ (stealth).
  3111 | D:4      | Reached skill level 1 in Shields
  3271 | D:4      | 3271 ||| Stepping ~*~*~tactically~*~*~ (stealth).
  3385 | D:4      | Reached skill level 3 in Shields
  3385 | D:4      | Reached XP level 7. HP: 40/40 MP: 11/11
  3521 | D:4      | Noticed Menkaure
  3528 | D:4      | Killed Menkaure
  3529 | D:4      | Reached skill level 3 in Fighting
  3691 | D:4      | 3691 ||| READING scroll of enchant armour.
  3691 | D:4      | 3691 ||| ENCHANTING +0 pair of gloves.
  3920 | D:4      | 3920 ||| UPGRADING to +0 tower shield.
  3930 | D:4      | 3930 ||| DROPPING +0 kite shield.
  3931 | D:4      | 3931 ||| UPGRADING to ring of resist corrosion.
  3932 | D:4      | 3932 ||| DRINKING 3 bubbling purple potions.
  3933 | D:4      | 3933 ||| READING 3 scrolls of identify.
  3933 | D:4      | 3933 ||| IDENTIFYING black potion
  3934 | D:4      | 3934 ||| READING 2 scrolls of identify.
  3934 | D:4      | 3934 ||| IDENTIFYING metallic sapphire potion
  3935 | D:4      | 3935 ||| DROPPING potion of berserk rage.
  3936 | D:4      | 3936 ||| DROPPING potion of flight.
  3937 | D:4      | 3937 ||| DROPPING 2 potions of attraction.
  3962 | D:5      | Entered Level 5 of the Dungeon
  3963 | D:5      | 3963 ||| STAIRDANCE
  4027 | D:4      | 4027 ||| DROPPING +0 flail.
  4040 | D:5      | 4040 ||| Stepping ~*~*~tactically~*~*~ (hiding).
  4050 | D:5      | HP: 9/41 [poisoned by an orc]
  4051 | D:5      | HP: 4/41 [poisoned by an orc]
  4052 | D:5      | Succumbed to an orc's poison

Levels and vault maps discovered:
D:1:      lemuel_arrival_cross, layout_loops_ring, shapermc_ecumenical_altar_gd,
          minmay_misc_feat_rows, grunt_decor_fettered
D:2:      layout_basic, amethyst_killhole
D:3:      layout_basic, minmay_quadrilaterals, uniq_sigmund
D:4:      layout_rooms, grunt_ministairs_2, dk_noncrumbling_4, uniq_menkaure
D:5:      layout_cave_pools, minmay_temple_entry_waves,
          eino_small_chamber_without_monster

Skill      XL: |  1  2  3  4  5  6  7 |
---------------+----------------------+-----
Axes           | 3 6 7 |  7.0
Shields        | 3 4 |  4.9
Fighting       | 3 |  3.4
Throwing       | |  1.0
Armour         | |  1.1
Dodging        | |  2.1
Spellcasting   | |  2.0
Translocations | |  2.4

Action                   |  1- 3 |  4- 6 |  7- 9 || total
-------------------------+-------+-------+-------++-------
Melee: Hand axe          |    38 |    58 |    51 ||   147
       Kick              |    11 |    19 |    13 ||    43
       Peck              |     4 |     7 |     6 ||    17
       Punch             |       |     1 |       ||     1
Throw: Boomerang         |     7 |       |       ||     7
  Use: Scroll            |     9 |     4 |     3 ||    16
       Potion            |       |       |     1 ||     1
 Stab: Confused          |       |       |     2 ||     2
Armor: Leather armour    |     2 |       |       ||     2
       Scale mail        |     2 |    10 |    20 ||    32
Dodge: Dodged            |    13 |    28 |    11 ||    52
Block: Kite shield       |       |     4 |     3 ||     7
       Tower shield      |       |       |    13 ||    13

Table legend:
 A = Non-vault XP
 B = Vault XP
 C = Vault XP percentage of total XP
 D = Non-vault monster count
 E = Vault monster count
 F = Vault count percentage of total count
                 A         B        C        D         E       F
            +---------+---------+-------+---------+---------+-------
      Total |     684 |     442 |  39.3 |      51 |       7 |  12.1
            +---------+---------+-------+---------+---------+-------
        D:1 |       9 |       0 |   0.0 |       6 |       0 |   0.0
        D:2 |      40 |       0 |   0.0 |      13 |       0 |   0.0
        D:3 |      76 |     256 |  77.1 |      15 |       4 |  21.1
        D:4 |     429 |     186 |  30.2 |      15 |       3 |  16.7
        D:5 |     130 |       0 |   0.0 |       2 |       0 |   0.0
            +---------+---------+-------+---------+---------+-------
